 Dungeon Crawl Stone Soup version 0.29-a0-495-g17b79114eb (webtiles) character file.

Game seed: 1634268191738013731

5679 Sobieck the Frost Mage (level 10, -2/80 HPs)
             Began as a Demigod Ice Elementalist on May 27, 2022.
             Slain by a vampire (3 damage)
             ... on level 9 of the Dungeon.
             The game lasted 00:36:44 (10410 turns).

Sobieck the Frost Mage (Demigod Ice Elementalist)  Turns: 10410, Time: 00:36:45

Health: -2/80      AC: 13    Str: 15    XL:     10   Next: 23%
Magic:  15/25      EV: 14    Int: 29    God:
Gold:   325        SH:  0    Dex: 14    Spells: 17/24 levels left

rFire   . . .      SeeInvis .   a - +1 whip (elec) {mace}
rCold   . . .      Faith    .   (no shield)
rNeg    . . .      Spirit   .   d - +0 robe
rPois   .          Reflect  .   j - +0 helmet
rElec   .          Harm     .   (no cloak)
rCorr   .          Rampage  .   (no gloves)
Will    ++...                   m - +0 pair of boots
Stlth   ++........              (no amulet)
HPRegen 0.23/turn               o - ring of willpower
MPRegen 0.19/turn               s - +6 ring of strength

@: ice-armoured, freezing walls
A: high MP 1, forlorn, divine attributes
a: no special abilities


You were on level 9 of the Dungeon.
You visited 1 branch of the dungeon, and saw 9 of its levels.

You collected 325 gold pieces.


Innate Abilities, Weirdness & Mutations

You have an increased reservoir of magic. (+10% MP)
You shall have no god before yourself.
Your divine heritage dramatically boosts your attributes as you level up.


   Skills:
 + Level 4.4 Fighting
 + Level 3.0 Bows
 + Level 5.2 Dodging
 - Level 2.0 Stealth
 + Level 7.6 Spellcasting
 - Level 10.0 Ice Magic


You had 17 spell levels left.
You knew the following spells:

 Your Spells              Type           Power      Damage    Failure   Level
a - Freeze                Ice            100%       1d11      1%          1
b - Frozen Ramparts       Ice            100%       1d12      1%          3
c - Ozocubu's Armour      Ice            62%        N/A       1%          3

Your spell library contained the following spells:

 Spells                   Type           Power      Damage    Failure   Level
 Slow                     Hex            44%        N/A       4%          1
 Summon Small Mammal      Summ           44%        N/A       4%          1
 Hailstorm                Conj/Ice       40%        3d10      6%          4
 Call Canine Familiar     Summ           11%        N/A       14%         3
 Confusing Touch          Hex            11%        N/A       14%         3
 Conjure Flame            Conj/Fire      11%        6-21      14%         3
 Ignite Poison            Fire/Tmut/Pois 11%        N/A       14%         3
 Summon Guardian Golem    Hex/Summ       11%        N/A       14%         3
 Vampiric Draining        Necr           11%        2d6       14%         3
 Passage of Golubria      Tloc           11%        N/A       43%         4
 Sticky Flame             Conj/Fire      11%        2d3       43%         4
 Silence                  Hex/Air        5%         N/A       78%         5
 Conjure Ball Lightning   Conj/Air       5%         3x3d6     100%        6
 Discord                  Hex            5%         N/A       100%        8
 Disjunction              Tloc           5%         N/A       100%        8
 Lehudib's Crystal Spear  Conj/Erth      5%         10d3      100%        8

Inventory:

Hand Weapons
 a - a +1 whip of electrocution (weapon) {mace}
   (You took it off an orc on level 6 of the Dungeon)
 b - a +3 shortbow {bow}
   (You found it on level 5 of the Dungeon)
 r - a +0 antimagic dagger {short}
   (You took it off an orc wizard on level 9 of the Dungeon)
 y - a +1 dagger of protection {short}
   (You took it off an orc wizard on level 9 of the Dungeon)
 D - a +2 shortbow of flaming {bow}
   (You took it off a centaur on level 9 of the Dungeon)
 K - a +0 dagger of venom {short}
   (You took it off a kobold on level 9 of the Dungeon)
Missiles
 g - 3 javelins {throwing}
 h - 290 stones {throwing}
 k - 35 poisoned darts (quivered) {throwing}
 C - 3 silver boomerangs {throwing}
 P - 7 curare-tipped darts {=fthrowing}
 Q - 3 datura-tipped darts {throwing}
 W - 2 throwing nets {=f!fthrowing}
Armour
 d - a +0 robe (worn)
 j - a +0 helmet (worn)
   (You found it on level 1 of the Dungeon)
 l - a +0 leather armour
   (You took it off an orc priest on level 9 of the Dungeon)
 m - a +0 pair of boots (worn)
   (You found it on level 5 of the Dungeon)
 F - a +0 pair of boots
   (You found it on level 9 of the Dungeon)
 H - a +0 ring mail
   (You found it on level 9 of the Dungeon)
Jewellery
 o - a ring of willpower (left hand)
   (You found it on level 2 of the Dungeon)
 s - a +6 ring of strength (right hand)
   (You took it off a kobold on level 2 of the Dungeon)
 A - a ring of fire
   (You took it off a centaur on level 7 of the Dungeon)
 G - a +6 ring of dexterity
   (You found it on level 3 of the Dungeon)
Wands
 B - a wand of iceblast (10)
   (You found it on level 8 of the Dungeon)
 O - a wand of digging (6)
   (You found it on level 8 of the Dungeon)
Scrolls
 p - 2 scrolls of enchant weapon
 q - 3 scrolls of fear
 t - 3 scrolls of teleportation {@r4}
 u - a scroll of blinking {unknown}
 w - 4 scrolls of noise {!r}
 x - 4 scrolls of immolation {!r!r}
 z - 2 scrolls of magic mapping {!r}
 E - 2 scrolls of identify {@r1}
 J - a scroll of poison {!r}
 L - a scroll of summoning {unknown}
 T - a scroll of fog
Potions
 c - a potion of cancellation
 e - 5 potions of curing {@q1}
 f - a potion of haste {@q3}
 i - a potion of magic
 n - 2 potions of attraction {!q}
 v - 2 potions of berserk rage {!q}
 I - a potion of heal wounds {@q2}
 S - 2 potions of might

Dungeon Overview and Level Annotations

Branches:
Dungeon (9/15)             Temple (0/1) D:7
   Lair: D:8-11         Orc: D:9-12

Portals:
Bailey: D:9

Annotations:
D:4 3 runed translucent doors, happo123's ghost, amateur KoEn
D:6 1 runed translucent door, exclusion: downstairs, Heh's ghost, novice OpFi

....# #.###### ....#
.# #.y..... .#######
.# #......
.......###### .##
#.?....
######......## ..
#...... # ######..##
.# #....<. #
##..###.# #...)..
##############..{.#
#......
##..).)......###@.#
#.......
##.##8###8####.<..#
#...$...
...8∩........'.##...
>....####
.)#####8###8###
#.... .....
.............#
.###...#.##
.############# .# #
.# # .# .#


There were no monsters in sight!


Message History

The vampire hits you but does no damage.
The vampire bites you!
The vampire draws strength from your injuries!
You hit the vampire but do no damage.
The vampire completely resists.
The wall freezes the vampire but does no damage.
The vampire misses you. The vampire barely misses you.
You hit the vampire but do no damage.
The vampire resists.
The wall freezes the vampire.
The vampire hits you. The vampire closely misses you.
Unknown command.
You barely miss the vampire.
The vampire resists.
The wall freezes the vampire.
The vampire mumbles some strange words.
The vampire flickers and vanishes!
Deactivating autopickup; reactivate with Ctrl-A.
Your icy armour and frozen ramparts will break if you move.
Continue? [Y]es or [N]o only, please.
Your icy armour and frozen ramparts will break if you move.
Continue?
Okay, then.
Your icy armour and frozen ramparts will break if you move.
Continue? [Y]es or [N]o only, please.
Your icy armour and frozen ramparts will break if you move.
Continue? [Y]es or [N]o only, please.
Your icy armour and frozen ramparts will break if you move.
Continue? [Y]es or [N]o only, please.
Your icy armour and frozen ramparts will break if you move.
Continue?
You hit something.
The wall freezes something.
Something hits you! Something bites you but does no damage.
Your icy armour and frozen ramparts will break if you move.
Continue?
You closely miss something.
The wall freezes something.
Something hits you but does no damage. Something bites you but does no damage.
The wall freezes something.
Something hits you but does no damage. Something barely misses you.
Your icy armour and frozen ramparts will break if you move.
Continue?
You barely miss something.
The wall freezes something.
Something hits you but does no damage. Something bites you but does no damage.
Your icy armour and frozen ramparts will break if you move.
Continue?
You hit something but do no damage.
The wall freezes something.
Something hits you but does no damage. Something bites you!
Something draws strength from your injuries!
Your icy armour and frozen ramparts will break if you move.
Continue?
You hit something. Your punch misses something.
The wall freezes something.
Something hits you but does no damage. Something bites you but does no damage.
Your icy armour and frozen ramparts will break if you move.
Continue?
You hit something but do no damage.
The wall freezes something.
Something draws life force from you!
* * * LOW HITPOINT WARNING * * *
Your icy armour and frozen ramparts will break if you move.
Continue?
You hit something but do no damage. Lightning courses through something!
The frozen ramparts melt away.
Something draws life force from you!
* * * LOW HITPOINT WARNING * * *
Casting: Ozocubu's Armour (safe; 1% risk of failure)
Confirm with . or Enter, or press ? or * to list all spells.
Casting: Frozen Ramparts (safe; 1% risk of failure)
Press: ? - help, Dir - look around, f - activate The walls around you are covered in ice.
The wall freezes something but does no damage.
Something hits you but does no damage. Something bites you!
* * * LOW HITPOINT WARNING * * *
Something draws strength from your injuries!
Casting: Frozen Ramparts (safe; 1% risk of failure)
Confirm with . or Enter, or press ? or * to list all spells.
Aiming: Freeze (safe; 1% risk of failure)
Press: ? - help, Shift-Dir - straight line You freeze something.
The wall freezes something.
You hear some strange, mumbled words.
Something tries to affect you, but you resist.
Casting: Freeze (safe; 1% risk of failure)
Confirm with . or Enter, or press ? or * to list all spells.
Aiming: Freeze (safe; 1% risk of failure)
Press: ? - help, Shift-Dir - straight line You freeze something.
The wall freezes something.
Something hits you but does no damage. Something bites you.
* * * LOW HITPOINT WARNING * * *
Something draws strength from your injuries!
Casting: Freeze (safe; 1% risk of failure)
Confirm with . or Enter, or press ? or * to list all spells.
Aiming: Freeze (safe; 1% risk of failure)
Press: ? - help, Shift-Dir - straight line You freeze something.
The wall freezes something but does no damage.
Something hits you but does no damage. Something bites you.
* * * LOW HITPOINT WARNING * * *
Something draws strength from your injuries!
Casting: Freeze (safe; 1% risk of failure)
Confirm with . or Enter, or press ? or * to list all spells.
Aiming: Freeze (safe; 1% risk of failure)
Press: ? - help, Shift-Dir - straight line You freeze something.
The wall freezes something but does no damage.
Something draws life force from you!
* * * LOW HITPOINT WARNING * * *
Casting: Freeze (safe; 1% risk of failure)
Confirm with . or Enter, or press ? or * to list all spells.
Okay, then.
Casting: Freeze (safe; 1% risk of failure)
Confirm with . or Enter, or press ? or * to list all spells.
Aiming: Freeze (safe; 1% risk of failure)
Press: ? - help, Shift-Dir - straight line You freeze something.
The wall freezes something.
Something hits you.
You die...

Skill      XL: |  1  2  3  4  5  6  7  8  9 10 |
---------------+-------------------------------+-----
Stealth        | 2 |  2.0
Dodging        | 2 3 4 5 |  5.2
Spellcasting   | 2 3 4 7 |  7.6
Fighting       | 1 2 3 4 |  4.4
Ice Magic      | 4 5 7 8 10 | 10.0
Bows           | 2 3 |  3.0

Action                   |  1- 3 |  4- 6 |  7- 9 | 10-12 || total
-------------------------+-------+-------+-------+-------++-------
Melee: Dagger            |    33 |     5 |       |       ||    38
       Punch             |     1 |       |       |       ||     1
       Whip              |       |       |    13 |    16 ||    29
 Fire: Hunting sling     |    19 |    91 |    16 |       ||   126
       Shortbow          |       |       |   176 |    52 ||   228
Throw: Dart              |       |       |     7 |       ||     7
 Cast: Freeze            |    38 |    27 |     3 |     5 ||    73
       Frozen Ramparts   |       |    16 |    54 |    12 ||    82
       Ozocubu's Armour  |       |     4 |    17 |     6 ||    27
  Use: Scroll            |     6 |       |    10 |       ||    16
 Stab: Sleeping          |     7 |       |       |       ||     7
Armor: Robe              |    10 |    11 |    32 |    19 ||    72
Dodge: Dodged            |    32 |    45 |    63 |    24 ||   164

Levels and vault maps discovered:
D:1:      dpeg_arrival_subterranean_lakeside_camping, layout_loops_cross,
          dreamdust_wishing_well
D:2:      layout_basic, minmay_snake_closets
D:3:      layout_basic, mainiacjoe_overflow_surrounded_room,
          chequers_ecumenical_altar_grove, minivault_23
D:4:      layout_rooms, biasface_ghost_orc_armoury
D:5:      layout_basic, portal_sewer_entry_d, dreamdust_princess_bridge
D:6:      layout_loops_cross, gammafunk_ghost_grave, grunt_ministairs_10,
          uniq_prince_ribbit1, uniq_blork_the_orc
D:7:      layout_loops_corners, minmay_temple_entry_mist, uniq_pikel
D:8:      layout_rooms
D:9:      layout_rooms, enter_bailey_8

Notes
Turn   | Place    | Note
-------+----------+-------------------------------------------
     0 | D:1      | Sobieck the Demigod Ice Elementalist began the quest for
                  | the Orb.
     0 | D:1      | Reached XP level 1. HP: 14/14 MP: 5/5
    63 | D:1      | You add the spells Conjure Flame, Ignite Poison and Sticky
                  | Flame to your library.
   247 | D:1      | Reached skill level 2 in Stealth
   622 | D:1      | Reached skill level 2 in Dodging
   622 | D:1      | Reached XP level 2. HP: 19/22 MP: 4/7
   801 | D:1      | Reached skill level 2 in Spellcasting
  1300 | D:2      | Reached skill level 1 in Fighting
  1721 | D:2      | Reached XP level 3. HP: 28/28 MP: 8/8
  1725 | D:2      | Learned a level 3 spell: Frozen Ramparts
  1854 | D:2      | Reached skill level 4 in Ice Magic
  1983 | D:2      | Reached XP level 4. HP: 35/35 MP: 7/10
  2077 | D:2      | Learned a level 3 spell: Ozocubu's Armour
  3492 | D:4      | Reached XP level 5. HP: 41/41 MP: 9/11
  3510 | D:4      | Found a runed translucent gate.
  3511 | D:4      | Found a runed translucent gate.
  3636 | D:4      | Reached skill level 2 in Fighting
  3883 | D:4      | Reached skill level 3 in Dodging
  3883 | D:4      | Reached skill level 5 in Ice Magic
  4122 | D:4      | Identified the +2 dagger "Xypp" {venom, rPois}
  4122 | D:4      | Identified the +4 leather armour "Moum" {Int+2}
  4123 | D:4      | Found a runed translucent gate.
  4124 | D:4      | Noticed happo123's ghost (amateur KoEn)
  4142 | D:4      | Reached XP level 6. HP: 49/49 MP: 6/13
  4434 | D:5      | Entered Level 5 of the Dungeon
  4448 | D:4      | HP: 12/49 [jelly (1)]
  4450 | D:4      | Reached skill level 3 in Spellcasting
  5042 | D:5      | Reached XP level 7. HP: 37/56 MP: 10/15
  5156 | D:5      | Reached skill level 3 in Fighting
  5300 | D:5      | You pick up a book of Debilitation and begin reading...
  5300 | D:5      | You add the spells Slow, Vampiric Draining and Confusing
                  | Touch to your library.
  5376 | D:5      | Reached skill level 6 in Ice Magic
  5549 | D:5      | Reached skill level 4 in Dodging
  5700 | D:5      | You pick up a book of Chaos and begin reading...
  5700 | D:5      | You add the spells Conjure Ball Lightning, Disjunction and
                  | Discord to your library.
  5937 | D:6      | Reached skill level 4 in Spellcasting
  6066 | D:6      | Found a runed translucent door.
  6067 | D:6      | Noticed Heh's ghost (novice OpFi)
  6069 | D:6      | Noticed Prince Ribbit
  6078 | D:6      | Killed Prince Ribbit
  6079 | D:6      | Reached skill level 7 in Ice Magic
  6079 | D:6      | Reached XP level 8. HP: 54/63 MP: 14/17
  6147 | D:6      | You pick up a book of Callings and begin reading...
  6147 | D:6      | You add the spells Summon Small Mammal, Call Canine
                  | Familiar and Summon Guardian Golem to your library.
  6255 | D:6      | Reached skill level 8 in Ice Magic
  6301 | D:6      | Noticed Blork the orc
  6307 | D:6      | Killed Blork the orc
  6308 | D:6      | Reached skill level 5 in Spellcasting
  6438 | D:6      | HP: 14/63 [orc warrior/+0 scimitar (6)]
  7039 | D:7      | Noticed a troll
  7059 | D:7      | Noticed Pikel
  7065 | D:6      | HP: 14/63 [lemure[Pikel] (4)]
  7066 | D:6      | Killed Pikel
  7067 | D:6      | Reached skill level 6 in Spellcasting
  7391 | D:7      | Reached skill level 7 in Spellcasting
  7391 | D:7      | Reached XP level 9. HP: 28/69 MP: 20/23
  7665 | D:7      | Reached skill level 9 in Ice Magic
  8330 | D:7      | You pick up a book of the Moon and begin reading...
  8330 | D:7      | You add the spells Passage of Golubria, Silence and
                  | Lehudib's Crystal Spear to your library.
  8435 | D:7      | Reached skill level 10 in Ice Magic
  8482 | D:7      | Found a staircase to the Ecumenical Temple.
  9048 | D:8      | Noticed a two-headed ogre
  9072 | D:8      | Killed a two-headed ogre
  9073 | D:8      | Reached skill level 1 in Bows
  9436 | D:8      | Reached skill level 2 in Bows
  9483 | D:8      | Reached XP level 10. HP: 59/78 MP: 19/25
  9486 | D:8      | Reached skill level 4 in Fighting
  9975 | D:9      | Reached skill level 5 in Dodging
 10320 | D:9      | Found a flagged portal.
 10346 | D:9      | Reached skill level 3 in Bows
 10407 | D:9      | HP: 18/80 [something (4)]
 10409 | D:9      | HP: 1/80 [something (14)]
 10410 | D:9      | Slain by a vampire

Vanquished Creatures
  A two-headed ogre (D:8)
  Pikel (D:6)
  A troll (D:7)
  Prince Ribbit (D:6)
  A wyvern (D:7)
  3 yaks (D:8)
  A steam dragon (D:7)
  An acid dragon (D:9)
  4 sky beasts
  3 orc warriors
  A black bear (D:6)
  3 centaurs
  A lemure (D:6)
  Blork the orc (D:6)
  4 kobold brigands (D:9)
  A bullfrog (D:7)
  A necrophage (D:5)
  6 scorpions
  7 howler monkeys
  4 hounds (D:5)
  2 jellies
  11 orc priests
  3 gnoll shamans
  3 iguanas
  9 orc wizards
  11 adders
  24 gnolls
  A shadow imp (D:7)
  A white imp (D:6)
  29 orcs
  4 endoplasms
  4 giant cockroaches
  7 goblins
  5 hobgoblins
  6 jackals
  2 quokkas
  12 ball pythons
  5 bats
  A frilled lizard (D:2)
  18 kobolds
  5 rats
209 creatures vanquished.

Vanquished Creatures (others)
  2 withered plants (D:6)
2 creatures vanquished.

Grand Total: 211 creatures vanquished

Table legend:
 A = Non-vault XP
 B = Vault XP
 C = Vault XP percentage of total XP
 D = Non-vault monster count
 E = Vault monster count
 F = Vault count percentage of total count
                 A         B        C        D         E       F
            +---------+---------+-------+---------+---------+-------
      Total |    6770 |    1344 |  16.6 |     186 |      22 |  10.6
            +---------+---------+-------+---------+---------+-------
        D:1 |      27 |       8 |  22.9 |      16 |       6 |  27.3
        D:2 |      21 |      88 |  80.7 |      12 |      10 |  45.5
        D:3 |      73 |       0 |   0.0 |      12 |       0 |   0.0
        D:4 |     319 |       0 |   0.0 |      20 |       0 |   0.0
        D:5 |     739 |      13 |   1.7 |      23 |       1 |   4.2
        D:6 |     790 |    1235 |  61.0 |      23 |       5 |  17.9
        D:7 |    1924 |       0 |   0.0 |      36 |       0 |   0.0
        D:8 |    1641 |       0 |   0.0 |      14 |       0 |   0.0
        D:9 |    1236 |       0 |   0.0 |      30 |       0 |   0.0
            +---------+---------+-------+---------+---------+-------

Illustrated notes

Table legend:
 A = Kills in this place as a percentage of kills in entire the game.
 B = Kills by you in this place as a percentage of kills by you in the entire game.
 C = Kills by friends in this place as a percentage of kills by friends in the entire game.
 D = Other kills in this place as a percentage of other kills in the entire game.
 E = Experience gained in this place as a percentage of experience gained in the entire game.
 F = Experience gained in this place divided by the number of levels of this place that you have seen.
                   A       B       C       D       E      F
               +-------+-------+-------+-------+-------+----------------------
         Total | 100.0 | 100.0 |   N/A |   N/A | 100.0 | 901.6
       Dungeon | 100.0 | 100.0 |   N/A |   N/A | 100.0 | 901.6
               +-------+-------+-------+-------+-------+----------------------

Table legend: (Time is in decaauts)
 A = Elapsed time spent in this place.
 B = Non-inter-level travel time spent in this place.
 C = Inter-level travel time spent in this place.
 D = Time resting spent in this place.
 E = Time spent auto-exploring this place.
 F = Levels seen in this place.
 G = Mean time per level.
                   A        B        C        D        E       F      G
               +--------+--------+--------+--------+--------+-----+--------+
         Total |  10596 |  10390 |    206 |   2176 |   6341 |   9 | 1177.3 |
       Dungeon |  10596 |  10390 |    206 |   2176 |   6341 |   9 | 1177.3 |
               +--------+--------+--------+--------+--------+-----+--------+

Top non-repeatable levels by time:
     D:7: 1651 daAuts
     D:6: 1551 daAuts
     D:4: 1243 daAuts
     D:1: 1228 daAuts
     D:2: 1222 daAuts
     D:5: 1094 daAuts
     D:3: 1063 daAuts
     D:8: 801 daAuts
     D:9: 739 daAuts
